 Dungeon Crawl Stone Soup version 0.23.1 (webtiles) character file.

Game seed: 1913697854863420224

318 misha the Spear-Bearer (level 6, -2/48 HPs)
             Began as a Merfolk Gladiator on Mar 1, 2019.
             Was an Initiate of Trog.
             Killed from afar by an orc wizard (8 damage)
             ... with a magic dart
             ... on level 2 of the Dungeon.
             The game lasted 00:16:53 (3626 turns).

misha the Spear-Bearer (Merfolk Gladiator)          Turns: 3626, Time: 00:16:53

Health: -2/48      AC:  4    Str: 16    XL:     6   Next: 45%
Magic:  6/6        EV: 14    Int:  8    God:    Trog [......]
Gold:   228        SH:  0    Dex: 15    Spells: 5/5 levels left

rFire    . . .     SeeInvis .   a - +0 trident
rCold    . . .     Gourm    .   (no shield)
rNeg     . . .     Faith    .   b - +0 leather armour
rPois    .         Spirit   .   c - +0 helmet
rElec    .         Reflect  .   (no cloak)
rCorr    .         Harm     .   (no gloves)
MR       .....                  (no boots)
Stlth    +.........             (no amulet)
HPRegen  0.16/turn              (no ring)
MPRegen  0.10/turn              (no ring)

@: no status effects
A: change form in water, swift swim, stealthy swim
a: Renounce Religion


You were on level 2 of the Dungeon.
You worshipped Trog.
Trog was noncommittal.
You were very hungry.

You visited 1 branch of the dungeon, and saw 3 of its levels.

You collected 228 gold pieces.

Inventory:

Hand Weapons
 a - a +0 trident (weapon)
 t - a cursed +0 hunting sling
Missiles
 d - 2 throwing nets
 e - 38 stones (quivered)
Armour
 b - a +0 leather armour (worn)
 c - a +0 helmet (worn)
 v - a +1 scale mail of cold resistance
Jewellery
 j - an uncursed ring of resist corrosion {unknown}
Wands
 w - a wand of enslavement (8)
Scrolls
 g - a scroll of enchant armour {unknown}
 h - a scroll of magic mapping {unknown}
 l - a scroll of noise {unknown}
 n - 2 scrolls of remove curse {unknown}
 p - 2 scrolls of identify {unknown}
 r - 2 scrolls of enchant weapon {unknown}
 s - a scroll of teleportation {unknown}
Potions
 i - a potion of resistance {unknown}
 k - a potion of invisibility
 m - a potion of haste {unknown}
 o - 2 potions of brilliance {unknown}
 q - a potion of curing
 u - a potion of heal wounds {unknown}
 x - a potion of agility {unknown}
Comestibles
 f - 2 rations


   Skills:
 + Level 3.9 Fighting
 * Level 9.2 Polearms
 - Level 2.0 Throwing
 - Level 4.0 Dodging


You had 5 spell levels left.
You didn't know any spells.
Your spell library was empty.

Dungeon Overview and Level Annotations

Branches:
Dungeon (3/15)

Altars:
Dithmenos
Trog
Yredelemnul

Annotations:
D:2 exclusion: sky beast
D:3 1 runed translucent door, Crazy Yiuf


Message History

A magic dart appears from out of thin air!
The magic dart hits you.
* * * LOW HITPOINT WARNING * * *
You see here a +0 club.
You closely miss something. Something hits you.
* * * LOW HITPOINT WARNING * * *
You miss something. Something hits you but does no damage.
You miss something. Something completely misses you.
You miss something.
You hear some strange, mumbled words.
A magic dart appears from out of thin air!
The magic dart hits you.
* * * LOW HITPOINT WARNING * * *
You hit something but do no damage. You closely miss something.
Something hits you but does no damage.
You hit something but do no damage.
You hear some strange, mumbled words.
A magic dart appears from out of thin air!
The magic dart hits you!
You die...

#...................#............
#...................#............
#...................#............
#...(.............).#......######
#...................#.######
################'####.# # #.# #.#
#.# #.# #@####.# #>{....#
########


There were no monsters in sight!

Vanquished Creatures
  An ogre (D:3)
  2 orc wizards
  An orc priest (D:3)
  Ijyb (D:3)
  A gnoll (D:1)
  3 adders
  An ooze (D:3)
  4 dart slugs
  3 leopard geckos
  3 orcs
  A ball python (D:1)
  5 giant cockroaches
  5 hobgoblins
  3 jackals (D:1)
  A quokka (D:2)
  12 bats
  4 frilled lizards
  8 goblins
  8 kobolds
  13 rats
80 creatures vanquished.

Notes
Turn   | Place    | Note
-------+----------+-------------------------------------------
     0 | D:1      | misha the Merfolk Gladiator began the quest for the Orb.
     0 | D:1      | Reached XP level 1. HP: 16/16 MP: 1/1
   129 | D:1      | Reached skill level 5 in Polearms
   129 | D:1      | Reached XP level 2. HP: 15/22 MP: 2/2
   277 | D:1      | Reached XP level 3. HP: 19/28 MP: 3/3
   339 | D:1      | Reached skill level 6 in Polearms
   345 | D:1      | You fall through a shaft!
   909 | D:2      | Reached XP level 4. HP: 25/34 MP: 4/4
  1588 | D:1      | Reached skill level 7 in Polearms
  1985 | D:3      | Noticed a sky beast
  2157 | D:3      | Noticed Ijyb
  2469 | D:3      | Found a runed translucent door.
  2470 | D:3      | Noticed Crazy Yiuf
  2537 | D:3      | Killed Ijyb
  2537 | D:3      | Reached XP level 5. HP: 38/40 MP: 5/5
  2581 | D:3      | Reached skill level 8 in Polearms
  2991 | D:3      | Found a bloodstained altar of Trog.
  2998 | D:3      | Found a basalt altar of Yredelemnul.
  3005 | D:3      | Noticed an ogre
  3008 | D:3      | Became a worshipper of Trog the Wrathful
  3016 | D:3      | Killed an ogre
  3016 | D:3      | Reached XP level 6. HP: 14/47 MP: 6/6
  3324 | D:3      | Found a shadowy altar of Dithmenos.
  3418 | D:2      | Reached skill level 9 in Polearms
  3626 | D:2      | Killed from afar by an orc wizard

Skill      XL: |  1  2  3  4  5  6 |
---------------+-------------------+-----
Polearms       | 5 6 7 8 9 |  9.2
Fighting       | 3 |  3.9
Throwing       | |  2.0
Dodging        | |  4.0

Action                   |  1- 3 |  4- 6 || total
-------------------------+-------+-------++-------
Melee: Trident           |   107 |   186 ||   293
Throw: Stone             |       |    16 ||    16
       Throwing net      |       |     1 ||     1
  Use: Potion            |       |     2 ||     2
 Stab: Sleeping          |     1 |     3 ||     4
       Held in net/web   |       |     1 ||     1
  Eat: Chunk             |       |     4 ||     4
       Ration            |       |     1 ||     1
Armor: Leather armour    |    33 |    52 ||    85
Dodge: Dodged            |    87 |   148 ||   235
